 Dungeon Crawl Stone Soup version 0.23-a0-625-g1d2cd9b (console) character file.

739 bli the Skirmisher (level 7, -5/57 HPs)
             Began as a Demonspawn Abyssal Knight on Dec 24, 2018.
             Was an Elder of Lugonu.
             Killed by nerve-wracking pain
             ... invoked by Grinder
              (9 damage)
             ... on level 5 of the Dungeon.
             The game lasted 00:14:30 (5418 turns).

bli the Skirmisher (Demonspawn Abyssal Knight)      Turns: 5418, Time: 00:14:30

Health: -5/57      AC:  6    Str: 12      XL:     7   Next: 46%
Magic:  9/9        EV: 12    Int: 12 (13) God:    Lugonu [****..]
Gold:   228        SH:  0    Dex: 12 (15) Spells: 6/6 levels left

rFire    . . .     SeeInvis .   b - +4 dagger
rCold    . . .     Gourm    .   (no shield)
rNeg     . . .     Faith    .   p - +0 leather armour
rPois    .         Spirit   .   (no helmet)
rElec    .         Reflect  .   v - +0 cloak
rCorr    .         Harm     .   (no gloves)
MR       .....                  (no boots)
Stlth    +.........             (no amulet)
HPRegen  0.19/turn              (no ring)
MPRegen  0.11/turn              (no ring)

@: no status effects
A: talons 1, icy blue scales 1, powered by pain 1
a: Depart the Abyss, Bend Space, Banish, Corrupt, Renounce Religion


You were on level 5 of the Dungeon.
You worshipped Lugonu.
Lugonu was greatly pleased with you.
You were hungry.

You visited 1 branch of the dungeon, and saw 5 of its levels.
You visited the Abyss 1 time.

You collected 228 gold pieces.

Inventory:

Hand Weapons
 a - a +1 falchion
 b - a +4 dagger (weapon)
 g - a cursed -1 spear
 t - a +0 hunting sling
 w - a +0 long sword
Missiles
 f - 146 stones (quivered)
 o - 11 sling bullets
 s - 2 tomahawks
Armour
 p - a +0 leather armour (worn)
 v - a +0 cloak (worn)
 y - a +0 leather armour
 z - the +0 robe "Cecis" {rElec rPois rC++ Str-5}
   (You found it on level 4 of the Dungeon)

   It affects your strength (-5).
   It greatly protects you from cold.
   It insulates you from electricity.
   It protects you from poison.
Wands
 x - a wand of enslavement (11)
 A - a wand of flame (9)
Scrolls
 h - 4 scrolls of remove curse
 k - 2 scrolls of identify
 l - 3 scrolls of blinking
 m - 3 scrolls of teleportation {unknown}
 q - 2 scrolls of magic mapping
 B - a scroll of fear {unknown}
Potions
 d - a potion of lignification {unknown}
 e - 2 potions of curing
 i - a potion of magic {unknown}
 j - a potion of heal wounds
 n - 3 potions of degeneration
 r - a potion of agility {unknown}
Comestibles
 c - 13 rations


   Skills:
 * Level 5.7 Fighting
 + Level 3.8(4.3) Short Blades
 + Level 2.9(3.8) Long Blades
 + Level 3.0 Armour
 + Level 2.7 Dodging
 + Level 2.7 Invocations


You had 6 spell levels left.
You didn't know any spells.
Your spell library was empty.

Dungeon Overview and Level Annotations

Branches:
Dungeon (5/15)             Temple (0/1) D:4

Altars:
Elyvilon
Okawaru
Qazlal
Trog
Wu Jian
Xom
Zin

Annotations:
D:4 Menkaure
D:5 Edmund, Grinder


Innate Abilities, Weirdness & Mutations

You have sharp toenails.
You are partially covered in icy blue scales. (AC +2)
You sometimes gain a little power by taking damage.


Message History

Grinder gestures at you. Pain shoots through your body!
* * * LOW HITPOINT WARNING * * *
You hit Edmund. Your kick misses Edmund.
Edmund is heavily wounded.
Edmund hits you with a +2 flail of holy wrath.
* * * LOW HITPOINT WARNING * * *
You convulse.
* * * LOW HITPOINT WARNING * * *
Grinder blinks!
You closely miss Edmund. Your kick misses Edmund.
Edmund is heavily wounded.
Edmund completely misses you.
You hit Edmund. You claw Edmund.
Edmund is severely wounded.
You hit Edmund.
Edmund is severely wounded.
Grinder gestures at you. Pain shoots through your body!
You die...

.# ... #.# .. ####
#..###P. ...
#.......##
#.####.##.#..# #..
..$.........# #.#
.##..##(.##.# #.#
...
##....####.###.###
#
#((.(............
#...######5###.###
#.........@@#
....#..########
....#..# .###...##
#.. ##.


You could see Edmund and Grinder.

Vanquished Creatures
  Prince Ribbit (D:5)
  An ogre (D:4)
  Blork the orc (D:4)
  A scorpion (D:4)
  A howler monkey (D:4)
  An orc priest (D:4)
  A hound (D:4)
  2 orc wizards (D:4)
  A worker ant (D:4)
  4 adders
  2 oozes
  3 worms
  4 dart slugs
  4 leopard geckos
  23 orcs
  A ball python (D:3)
  2 giant cockroaches
  8 goblins
  8 hobgoblins
  16 jackals
  A quokka (D:3)
  A ball python skeleton (D:4)
  9 bats
  5 frilled lizards
  11 kobolds
  7 rats
119 creatures vanquished.

Vanquished Creatures (others)
  A quokka (D:4)
1 creature vanquished.

Grand Total: 120 creatures vanquished

Notes
Turn   | Place    | Note
-------+----------+-------------------------------------------
     0 | Abyss:1  | bli the Demonspawn Abyssal Knight began the quest for the
                  | Orb.
     0 | Abyss:1  | Reached XP level 1. HP: 18/18 MP: 2/2
    32 | D:1      | Escaped the Abyss
    64 | D:1      | Gained mutation: You sometimes gain a little power by
                  | taking damage. [demonic ancestry]
    64 | D:1      | Reached XP level 2. HP: 2/24 MP: 4/4
   860 | D:1      | Reached ** piety under Lugonu
   860 | D:1      | Reached XP level 3. HP: 28/30 MP: 5/5
  1020 | D:2      | Reached skill level 4 in Fighting
  1325 | D:2      | Reached skill level 1 in Dodging
  1557 | D:2      | Gained mutation: You have sharp toenails. [demonic
                  | ancestry]
  1557 | D:2      | Reached XP level 4. HP: 26/37 MP: 6/6
  2036 | D:2      | Found a shimmering altar of Xom.
  2036 | D:2      | Found a stormy altar of Qazlal.
  2036 | D:2      | Found a glowing silver altar of Zin.
  2042 | D:2      | Found a bloodstained altar of Trog.
  2549 | D:3      | Reached *** piety under Lugonu
  2968 | D:3      | Reached XP level 5. HP: 24/43 MP: 7/7
  3286 | D:3      | Reached skill level 1 in Short Blades
  3421 | D:4      | Noticed Blork the orc
  3440 | D:4      | Killed Blork the orc
  3440 | D:4      | Gained mutation: You are partially covered in icy blue
                  | scales. (AC +2) [demonic ancestry]
  3440 | D:4      | Reached XP level 6. HP: 13/50 MP: 8/8
  3766 | D:4      | Reached skill level 5 in Fighting
  4204 | D:4      | Found an iron altar of Okawaru.
  4245 | D:4      | Got an ominously black robe
  4319 | D:4      | Noticed Menkaure
  4366 | D:3      | Identified the +0 robe "Cecis" {rElec rPois rC++ Str-5}
                  | (You found it on level 4 of the Dungeon)
  4500 | D:4      | Found an ornate altar of the Wu Jian Council.
  4641 | D:4      | Found a white marble altar of Elyvilon.
  4706 | D:4      | Found a staircase to the Ecumenical Temple.
  4938 | D:4      | Reached XP level 7. HP: 56/56 MP: 9/9
  4957 | D:4      | Reached **** piety under Lugonu
  5122 | D:5      | Entered Level 5 of the Dungeon
  5123 | D:5      | Noticed Prince Ribbit
  5155 | D:5      | Noticed Edmund
  5163 | D:5      | Killed Prince Ribbit
  5166 | D:5      | Noticed Grinder
  5418 | D:5      | Killed from afar by Grinder

Vault maps used:
D:1:      dpeg_arrival_central, serial_park_tiny_2, minmay_small_reverse_x
D:2:      grunt_temple_overflow_open, first_ration
D:4:      lemuel_crystal_altar, elyvilon_altar_4, lemuel_doored_altar,
          minmay_temple_entry_wispy, uniq_menkaure, uniq_blork_the_orc
D:5:      kiku_gazebo_garden_becter, palyth_stone_intersect,
          minmay_misc_feat_nine_boxes, uniq_prince_ribbit1, uniq_duvessa,
          uniq_grinder, uniq_edmund

Skill      XL: |  1  2  3  4  5  6  7 |
---------------+----------------------+-----
Armour         | 2 3 |  3.0
Long Blades    | 2 |  2.9
Fighting       | 4 5 |  5.7
Dodging        | 1 2 |  2.7
Short Blades   | 2 3 |  3.8
Invocations    | |  2.7

Action                   |  1- 3 |  4- 6 |  7- 9 || total
-------------------------+-------+-------+-------++-------
Melee: Falchion          |   101 |    35 |       ||   136
       Dagger            |       |   229 |    49 ||   278
       Kick              |       |    49 |     9 ||    58
Throw: Stone             |     8 |    14 |     6 ||    28
  Use: Scroll            |       |     4 |       ||     4
       Potion            |       |       |     3 ||     3
  Eat: Chunk             |     2 |    11 |     1 ||    14
Armor: Leather armour    |    31 |    61 |     7 ||    99
Dodge: Dodged            |    67 |   160 |    18 ||   245
       Rpst.: Falchion   |    18 |     6 |       ||    24

Table legend:
 A = Non-vault XP
 B = Vault XP
 C = Vault XP percentage of total XP
 D = Non-vault monster count
 E = Vault monster count
 F = Vault count percentage of total count
                 A         B        C        D         E       F
            +---------+---------+-------+---------+---------+-------
      Total |     720 |     336 |  31.8 |     113 |       6 |   5.0
            +---------+---------+-------+---------+---------+-------
        D:1 |      43 |       4 |   8.5 |      20 |       4 |  16.7
        D:2 |      74 |       0 |   0.0 |      28 |       0 |   0.0
        D:3 |     113 |       0 |   0.0 |      39 |       0 |   0.0
        D:4 |     490 |      91 |  15.7 |      26 |       1 |   3.7
        D:5 |       0 |     241 | 100.0 |       0 |       1 | 100.0
            +---------+---------+-------+---------+---------+-------
